 Dungeon Crawl Stone Soup version 0.30-a0-55-g90e3122c3a (webtiles) character file.

Game seed: 7402284108616365567

3440 Decritt the Protected (level 10, -2/99 HPs)
             Began as a Gargoyle Fighter on Sept 9, 2022.
             Was an Initiate of Ru.
             Slain by a wight
             ... wielding a +4 mace
              (9 damage)
             ... on level 8 of the Dungeon.
             The game lasted 00:16:45 (9295 turns).

Decritt the Protected (Gargoyle Fighter)            Turns: 9295, Time: 00:16:46

Health: -2/99      AC: 27    Str: 24    XL:     10   Next: 5%
Magic:  10/10      EV: 11    Int:  9    God:    Ru [......]
Gold:   173        SH:  4    Dex:  9    Spells: 9/9 levels left

rFire   . . .      SeeInvis .    L - +3 hand axe (freeze)
rCold   . . .      Faith    .    c - +0 buckler
rNeg    + . .      Spirit   .    o - +0 plate armour
rPois   ∞          Reflect  .    m - +2 hat
rElec   +          Harm     .    v - +1 cloak
rCorr   .          Rampage  .    (no gloves)
Will    .....                    y - +0 pair of boots
Stlth   ..........               (no amulet)
HPRegen 0.26/turn                D - +4 ring of evasion
MPRegen 0.12/turn                (no ring)

@: berserking, very quick
A: sickness immunity, AC +7, negative energy resistance 1, electricity
resistance, torment resistance 1, petrification resistance
a: Renounce Religion


You were on level 8 of the Dungeon.
You worshipped Ru.
Ru was noncommittal.
You visited 2 branches of the dungeon, and saw 9 of its levels.

You collected 436 gold pieces.
You spent 263 gold pieces at shops.

Inventory:

Hand Weapons
 a - a +1 flail
 w - a +2 flail of holy wrath
 L - a +3 hand axe of freezing (weapon)
Missiles
 l - 2 throwing nets
Armour
 b - a +0 scale mail
 c - a +0 buckler (worn)
 m - a +2 hat (worn)
 o - a +0 plate armour (worn)
 v - a +1 cloak (worn)
 y - a +0 pair of boots (worn)
Jewellery
 D - a +4 ring of evasion (left hand)
 E - a ring of protection from fire
 J - a ring of flight
Wands
 n - a wand of paralysis (6) (quivered)
 q - a wand of digging (3)
 B - a wand of light (19)
 G - a wand of flame (10)
Scrolls
 d - a scroll of acquirement {unknown}
 f - 2 scrolls of magic mapping
 g - 2 scrolls of fear
 h - 3 scrolls of immolation {unknown}
 i - a scroll of enchant armour
 k - 7 scrolls of teleportation
 r - 2 scrolls of identify
 u - 2 scrolls of poison
 C - a scroll of vulnerability {unknown}
 H - a scroll of noise {unknown}
 K - a scroll of blinking
 M - a scroll of amnesia {unknown}
Potions
 e - a potion of degeneration {unknown}
 j - a potion of lignification
 p - 3 potions of cancellation
 s - 2 potions of brilliance {unknown}
 x - a potion of haste
 z - a potion of invisibility
 A - a potion of attraction
 F - a potion of mutation {unknown}


   Skills:
 * Level 9.1 Fighting
 * Level 8.0 Maces & Flails
 + Level 10.0 Armour
 + Level 3.9 Shields


You had 9 spell levels left.
You didn't know any spells.
Your spell library contained the following spells:

 Spells                   Type           Power      Damage    Failure   Level
 Freeze                   Ice            0%         1d3       99%         1
 Frozen Ramparts          Ice            0%         1d1       100%        3
 Stone Arrow              Conj/Erth      0%         3d7       100%        3
 Animate Armour           Summ/Erth      0%         N/A       100%        4
 Hailstorm                Conj/Ice       0%         3d3       100%        4
 Lehudib's Crystal Spear  Conj/Erth      0%         10d2      100%        8


Dungeon Overview and Level Annotations

Branches:
Dungeon (8/15)             Temple (1/1) D:4
   Lair: D:8-11

Altars:
Ashenzari
Cheibriados
Dithmenos
Elyvilon
Fedhas
Gozag
Hepliaklqana
Makhleb
Okawaru
Qazlal
Ru
Sif Muna
Trog
Uskayaw
Vehumet
Wu Jian
Xom
Zin
The Shining One

Shops:
D:5 [[?*[

Annotations:
D:8 Grum


Innate Abilities, Weirdness & Mutations

You are immune to sickness and miasma.
Your stone body is resilient. (AC +7)
You are immune to poison.
You resist negative energy. (rN+)
You are resistant to electric shocks. (rElec)
You are resistant to unholy torment.
You are immune to petrification.


Message History

The wight closely misses you. Grum hits you but does no damage.
The wolf misses you. The wight hits you with a +4 mace.
* * * LOW HITPOINT WARNING * * *
The wight barely misses you.
You slash the wight!
You destroy the wight!
You hit the wight but do no damage. You barely miss the wolf.
The wolf bites you but does no damage. The wolf closely misses you.
The wight hits you but does no damage. Grum hits you but does no damage.
You block the wolf's attack.
Your Maces & Flails skill increases to level 8!
Your Armour skill increases to level 10!
The wight attacks as you move away! The wight hits you with a +4 mace.
* * * LOW HITPOINT WARNING * * *
The wolf closely misses you. Grum barely misses you.
Things that are here:
a +0 battleaxe; a +0 robe You closely miss the wight.
The wight is lightly damaged.
You completely miss the wolf. The wolf barely misses you.
The wight barely misses you. The wight closely misses you.
Grum hits you but does no damage. The wolf barely misses you.
You hit the wight.
The wight is moderately damaged.
You miss the wolf. The wolf bites you but does no damage.
You block the wight's attack. The wight completely misses you.
Grum hits you from afar with a -1 spear!
* * * LOW HITPOINT WARNING * * *
The wolf bites you but does no damage. Grum hits you but does no damage.
You block the wight's attack. The wight misses you.
You feel better. The wolf bites you but does no damage.
You block the wolf's attack. The wight barely misses you.
The wight hits you but does no damage.
Grum hits you from afar with a -1 spear!
* * * LOW HITPOINT WARNING * * *
A red film seems to cover your vision as you go berserk!
You feel yourself moving faster!
You feel mighty! The wolf barely misses you. You block the wolf's attack.
The wight hits you with a +4 mace!
You die...

.### #..................
..<###...............#.#
....##).........#......#
[.#................#..#
[#####...............#
## ######..#.......### #
#.............
##.#.z#z....#..
####....gh@.......
........##########
#...##...### ..##
#...hz### ..
###g.Fh..#####..
.......).........
....######.####.. ###.
#....# # #.##...#


You could see Grum, a wolf and 2 wights.

Vanquished Creatures
  Joseph (D:7)
  Maggie (D:7)
  A steam dragon (D:7)
  Duvessa (D:7)
  An orc warrior (D:7)
  2 ice beasts
  2 black bears (D:6)
  2 ogres
  2 wolves (D:8)
  2 centaurs
  A phantom (D:4)
  A necrophage (D:5)
  5 bullfrogs
  2 scorpions (D:6)
  6 wights (D:8)
  Dowan (D:7)
  4 howler monkeys
  2 hounds
  A jelly (D:8)
  2 iguanas
  6 orc wizards
  11 gnolls
  4 adders
  2 white imps (D:7)
  An ufetubus (D:6)
  2 worms (D:4)
  2 dart slugs
  28 orcs
  3 ball pythons
  4 endoplasms
  6 giant cockroaches
  3 goblins
  9 hobgoblins
  9 jackals
  4 kobolds
  3 quokkas
  6 bats
  3 frilled lizards
  5 rats
151 creatures vanquished.

Vanquished Creatures (others)
  A kobold (D:1)
1 creature vanquished.

Grand Total: 152 creatures vanquished

Notes
Turn   | Place    | Note
-------+----------+-------------------------------------------
     0 | D:1      | Decritt the Gargoyle Fighter began the quest for the Orb.
     0 | D:1      | Reached XP level 1. HP: 14/14 MP: 1/1
    44 | D:1      | Reached XP level 2. HP: 19/19 MP: 2/2
    56 | D:1      | Found a faded altar of an unknown god.
   708 | D:1      | Reached XP level 3. HP: 24/24 MP: 3/3
  1965 | D:2      | Reached XP level 4. HP: 28/29 MP: 4/4
  3404 | D:4      | Reached skill level 4 in Armour
  3404 | D:4      | Reached XP level 5. HP: 34/34 MP: 5/5
  3485 | D:4      | Noticed a phantom
  3490 | D:4      | Found a staircase to the Ecumenical Temple.
  3496 | D:4      | Killed a phantom
  3497 | D:4      | Reached skill level 5 in Fighting
  3506 | Temple   | Entered the Ecumenical Temple
  3552 | Temple   | Became a worshipper of Ru the Awakened
  3929 | D:4      | Reached XP level 6. HP: 39/40 MP: 6/6
  4379 | D:5      | Entered Level 5 of the Dungeon
  4409 | D:5      | Found a bloodstained altar of Trog.
  4623 | D:5      | Noticed an ice beast
  4640 | D:5      | Killed an ice beast
  4641 | D:5      | Reached skill level 5 in Maces & Flails
  4641 | D:5      | Reached XP level 7. HP: 19/46 MP: 7/7
  4848 | D:5      | Found Ycwop's Antique Armour Emporium.
  4860 | D:5      | Found Woseatuf's Antique Armour Shoppe.
  4877 | D:5      | Bought a pair of boots for 108 gold pieces
  4889 | D:5      | Found a shimmering altar of Xom.
  4921 | D:5      | Reached skill level 5 in Armour
  5224 | D:5      | Found Xanoduyts's Magic Scroll Boutique.
  5225 | D:5      | Found Cabekan's General Store.
  5232 | D:5      | Bought a scroll of fear for 40 gold pieces
  5232 | D:5      | Bought a scroll of identify for 20 gold pieces
  5232 | D:5      | Bought a scroll of identify for 20 gold pieces
  5232 | D:5      | Bought a scroll of magic mapping for 75 gold pieces
  5236 | D:5      | Found Guobrala's Antique Armour Shoppe.
  5370 | D:5      | Found a hazy altar of Hepliaklqana.
  6231 | D:6      | Found a faded altar of an unknown god.
  6244 | D:6      | Reached skill level 6 in Armour
  6244 | D:6      | Reached XP level 8. HP: 32/52 MP: 8/8
  6714 | D:6      | Found an iron altar of Okawaru.
  6769 | D:6      | Reached skill level 7 in Armour
  7526 | D:7      | Noticed Joseph
  7555 | D:7      | Killed Joseph
  7556 | D:7      | Reached skill level 8 in Armour
  7556 | D:7      | Reached XP level 9. HP: 26/58 MP: 9/9
  7814 | D:7      | Found a glowing golden altar of the Shining One.
  7814 | D:7      | Noticed Maggie
  7824 | D:7      | Killed Maggie
  7875 | D:8      | Reached skill level 9 in Armour
  8192 | D:7      | Noticed Duvessa
  8192 | D:7      | Noticed Dowan
  8212 | D:7      | Killed Duvessa
  8230 | D:7      | Killed Dowan
  9252 | D:8      | Noticed Grum
  9284 | D:8      | Reached XP level 10. HP: 31/66 MP: 10/10
  9291 | D:8      | Reached skill level 10 in Armour
  9295 | D:8      | Slain by a wight

Illustrated notes

Levels and vault maps discovered:
D:1:      reono_arrival_forest_river, layout_rooms,
          chequers_ecumenical_altar_island, nrook_campfire
D:2:      layout_basic, kennysheep_crisscross, kennysheep_generic_room_9
D:3:      layout_loops_corners, corexii_leaking_fountain
D:4:      layout_loops_corners, minmay_temple_entry_mist, dreamdust_wishing_well
D:5:      layout_basic, trog_three_pillars_becter, marbit_many_paths,
          nicolae_overflow_crystal_walls, serial_shops,
          nicolae_shop_statue_plus, shop, nicolae_shop_waterfront,
          nicolae_shop_temple_entry_statues_fountains, shop
D:6:      layout_cave_pods, overflow_temple_1_default, serial_column_ruins,
          column_ruins_temple_hall, column_ruins_corridor_T,
          column_ruins_columns_straight, column_ruins_grid_1,
          column_ruins_open_tiny_water, column_ruins_corridor_straight,
          column_ruins_grid_3
D:7:      layout_loops_corners, kennysheep_mini, nicolae_elevator_lobby_plus,
          uniq_joseph, uniq_duvessa, uniq_maggie
D:8:      layout_rooms, minmay_checkerbox, uniq_grum
Temple:   nicolae_temple_ecumenical_triangle

Skill      XL: |  1  2  3  4  5  6  7  8  9 10 |
---------------+-------------------------------+-----
Fighting       | 4 5 6 7 9 |  9.1
Maces & Flails | 3 4 5 6 7 8 |  8.0
Armour         | 4 6 8 9 10 | 10.0
Shields        | |  3.9

Action                   |  1- 3 |  4- 6 |  7- 9 | 10-12 || total
-------------------------+-------+-------+-------+-------++-------
Melee: Flail             |   126 |   156 |   314 |       ||   596
       Hand axe          |       |       |    39 |     8 ||    47
Invok: Reject Sacrifices |       |       |     1 |       ||     1
  Use: Scroll            |       |     9 |     7 |       ||    16
       Potion            |       |     1 |     4 |     2 ||     7
Armor: Scale mail        |    89 |       |       |       ||    89
       Plate armour      |     5 |    90 |   376 |    22 ||   493
Dodge: Dodged            |    74 |    58 |   263 |    25 ||   420
Block: Buckler           |    36 |    25 |   111 |     5 ||   177

Table legend: (Time is in decaauts)
 A = Elapsed time spent in this place.
 B = Non-inter-level travel time spent in this place.
 C = Inter-level travel time spent in this place.
 D = Time resting spent in this place.
 E = Time spent auto-exploring this place.
 F = Levels seen in this place.
 G = Mean time per level.
                   A        B        C        D        E       F      G
               +--------+--------+--------+--------+--------+-----+--------+
         Total |   9436 |   9177 |    259 |   1463 |   6212 |   9 | 1048.4 |
       Dungeon |   9380 |   9130 |    250 |   1463 |   6179 |   8 | 1172.5 |
        Temple |     55 |     46 |      9 |      0 |     33 |   1 |   55.0 |
               +--------+--------+--------+--------+--------+-----+--------+

Top non-repeatable levels by time:
     D:5: 1798 daAuts
     D:7: 1544 daAuts
     D:4: 1427 daAuts
     D:6: 1095 daAuts
     D:2: 1083 daAuts
     D:1: 1033 daAuts
     D:3: 855 daAuts
     D:8: 541 daAuts
  Temple: 55 daAuts
